Map: Ever Dream LE

Players

HellraiseR - Winner!

  • Race: Protoss Protoss
  • League: Grandmaster
  • Spawn Location: 1:00

MarineLorD

  • Race: Terran Terran
  • Spawn Location: 7:00

Event: DreamHack SC2 Masters 2020 Summer Europe

VOD

Have the link to the VOD?

Description

Time

  • Played on: June 25, 2020, 12:47 p.m.
  • Length: 10:07

All games in this series

Show
View Real Time Build Order
Export as new Build Order

HellraiseR Protoss - Winner!

Build Orders: 1 Gate Expand, Phoenix Opening, Colossus Rush 

Get SALT Encoding   

  12  0:01  Probe  
  13  0:13  Probe  
  14  0:19  Pylon  
  14  0:22  Probe  
  15  0:33  Probe  
  15  0:37  Gateway  
  16  0:43  Probe  
  16  0:46  Assimilator  
  17  0:55  Probe  
  18  1:07  Probe  
  19  1:19  Probe  
  20  1:26  Cybernetics Core  
  20  1:32  Nexus  
  20  1:40  Pylon  
  20  1:42  Probe  
  21  1:49  Assimilator  
  21  1:52  Adept  
  21  1:54  Probe  
  22  2:06  Probe  
  25  2:12  Adept  
  25  2:13  Stargate  
  25  2:20  Probe  
  28  2:27  Warp Gate  
  28  2:32  Probe  
  29  2:40  Probe  
  29  2:41  Adept  
  31  2:44  Probe  
  31  2:48  Probe  
  33  2:54  Phoenix  
  33  2:56  Probe  
  37  2:58  Probe  
  38  3:07  Assimilator  
  38  3:08  Probe  
  38  3:12  Phoenix, Probe  
  42  3:21  Probe  
  42  3:26  Probe  
  44  3:28  Pylon  
  44  3:31  Robotics Facility  
  44  3:33  Probe  
  45  3:38  Assimilator  
  45  3:41  Probe  
  46  3:45  Probe  
  45  3:50  Phoenix  
  45  3:53  Probe  
  48  3:57  Probe  
  48  4:05  Probe  
  48  4:08  Gateway  
  48  4:09  Probe  
  50  4:13  Observer  
  50  4:15  Pylon  
  50  4:17  Phoenix, Probe  
  54  4:24  Shield Battery  
  54  4:27  Immortal, Pylon  
  54  4:31  Robotics Bay  
  54  4:44  Stalker  
  60  4:52  Shield Battery  
  60  4:55  Shield Battery  
  60  4:57  Phoenix  
  62  5:04  Immortal  
  62  5:13  Stalker  
  68  5:16  Pylon  
  58  5:36  Phoenix  
  58  5:37  Colossus  
  58  5:41  Zealot x2  
  64  5:47  Pylon  
  70  5:52  Extended Thermal Lance  
  70  5:55  Pylon  
  70  6:05  Phoenix, Probe  
  70  6:09  Probe  
  70  6:11  Pylon  
  74  6:17  Probe  
  75  6:18  Colossus  
  75  6:21  Probe  
  75  6:25  Pylon  
  76  6:29  Probe  
  76  6:32  Phoenix  
  84  6:47  Nexus  
  84  6:55  Gateway  
  84  6:56  Gateway  
  84  7:01  Phoenix  
  84  7:08  Observer  
  86  7:09  Gateway  
  86  7:11  Gateway  
  86  7:14  Probe  
  88  7:18  Pylon  
  88  7:19  Sentry  
  88  7:21  Sentry  
  92  7:23  Warp Prism  
  94  7:41  Gateway  
  94  7:44  Sentry  
  94  7:45  Stalker  
  94  7:46  Pylon  
  100  7:53  Stalker x2  
  102  8:03  Pylon  
  102  8:22  Stalker x6  
  100  8:35  Phoenix  
  100  8:37  Stalker  
  102  8:45  Adept x5  
  102  8:48  Stalker  
  104  9:06  Stalker x4  
  106  9:14  Stalker x2  
  110  9:17  Stalker  
  112  9:31  Sentry, Stalker x2  
  112  9:49  Adept x3, Stalker  
  120  9:54  Stalker x3  
Show
View Real Time Build Order
Export as new Build Order

MarineLorD Terran 

Build Orders:  

Get SALT Encoding   

  12  0:00  SCV  
  13  0:12  SCV  
  14  0:17  Supply Depot  
  14  0:24  SCV  
  15  0:38  SCV  
  15  0:40  Barracks  
  15  0:42  Refinery  
  16  0:50  SCV  
  17  1:02  SCV  
  18  1:15  SCV  
  19  1:27  Orbital Command, Marine  
  20  1:38  Command Center  
  20  1:45  Barracks Reactor  
  20  1:49  Supply Depot  
  20  1:52  SCV  
  21  2:02  Factory  
  21  2:05  SCV  
  22  2:11  Refinery  
  22  2:17  SCV  
  22  2:19  Bunker  
  22  2:21  Marine  
  24  2:24  Marine  
  24  2:29  SCV  
  26  2:39  Marine  
  26  2:42  SCV  
  29  2:53  Starport, Hellion  
  29  2:56  Orbital Command  
  29  2:58  SCV  
  31  3:02  Marine  
  31  3:04  Marine  
  33  3:10  SCV  
  34  3:18  Supply Depot  
  34  3:20  Marine  
  34  3:22  Marine  
  34  3:23  Factory Tech Lab  
  34  3:24  SCV x2  
  38  3:32  Viking  
  40  3:40  Marine  
  40  3:41  Marine  
  42  3:47  SCV x2  
  44  3:48  Siege Tank  
  44  3:52  Supply Depot  
  47  3:58  Marine  
  47  3:59  SCV x2  
  50  4:04  Supply Depot  
  50  4:05  Viking  
  50  4:11  Marine  
  50  4:16  Marine  
  52  4:21  Siege Tank, Supply Depot  
  52  4:23  SCV x2  
  57  4:31  Marine  
  57  4:34  Marine  
  57  4:37  Viking  
  61  4:39  SCV x2  
  61  4:45  Supply Depot x2  
  63  4:49  Marine  
  63  4:51  SCV  
  63  4:52  Marine  
  66  4:53  Siege Tank  
  66  4:59  SCV  
  70  5:03  SCV  
  70  5:11  SCV  
  71  5:15  Marine x2, SCV  
  73  5:23  SCV  
  73  5:25  Command Center  
  73  5:27  SCV  
  70  5:33  Marine x2  
  70  5:35  SCV  
  65  5:43  Barracks  
  65  5:45  Barracks  
  65  5:46  Cyclone  
  65  5:47  Viking  
  70  5:52  SCV x2  
  70  5:53  Marine  
  70  5:55  Marine  
  74  6:07  SCV x2  
  74  6:08  Barracks x2  
  76  6:17  Refinery  
  76  6:18  Refinery, Marine x2  
  76  6:22  Starport Tech Lab  
  76  6:24  SCV x2  
  80  6:36  SCV  
  80  6:37  Orbital Command  
  80  6:39  Factory Reactor  
  81  6:41  Engineering Bay  
  81  6:43  Engineering Bay  
  81  6:45  Stimpack, Marauder, Marine x2  
  84  6:49  SCV x2  
  84  6:51  Starport Reactor  
  86  6:58  Combat Shield, Marauder, Barracks Reactor, Barracks Tech Lab  
  88  7:02  SCV x2  
  90  7:09  Marauder, Marine x2  
  90  7:11  Terran Infantry Weapons Level 1, Terran Infantry Armor Level 1  
  90  7:13  Missile Turret  
  94  7:17  Missile Turret  
  94  7:19  Marauder  
  96  7:24  Marauder, Orbital Command  
  96  7:25  SCV x2  
  100  7:34  Marine x3  
  100  7:35  Marauder, Marine  
  106  7:37  SCV  
  106  7:40  Marauder  
  109  7:46  Supply Depot  
  109  7:47  Supply Depot x2  
  109  7:48  SCV  
  109  7:51  Concussive Shells, Medivac  
  110  7:53  Medivac  
  110  7:57  SCV x2  
  116  8:03  Marine  
  117  8:07  Marine x2  
  117  8:08  Marauder x2, SCV  
  117  8:09  SCV  
  117  8:10  SCV  
  126  8:12  Refinery  
  126  8:14  Refinery  
  126  8:18  Marauder  
  128  8:21  Viking  
  128  8:22  SCV  
  128  8:23  Viking  
  108  8:38  Marauder x2, Marine x4  
  108  8:39  Marauder  
  111  8:50  Widow Mine  
  111  8:51  Viking  
  111  8:53  Viking  
  111  8:56  Marine x4  
  111  8:59  Marauder, SCV x2  
  111  9:00  Marauder x2  
  84  9:11  Widow Mine, SCV  
  84  9:13  Marine  
  84  9:14  Marine x3  
  86  9:21  Marauder x2, Marine  
  81  9:31  Marine x2  
  81  9:32  Marine x2  
  80  9:40  Marauder  
  80  9:42  Marauder x2  
Tags
 
Add a new tag
Caveats
  • Supply blocks, unpowered buildings, or Contaminate may cause inaccurate times.
  • Supply counts are checked every 10 seconds.